 Dungeon Crawl Stone Soup version 0.30.0-17-ge0270778cf (webtiles) character file.

Game seed: 6330759866061115533

5 Strat the Grave Robber (level 1, 0/16 HPs)
             Began as a Ghoul Wanderer on May 21, 2023.
             Slain by a ball python (3 damage)
             ... on level 1 of the Dungeon.
             The game lasted 00:00:40 (161 turns).

Strat the Grave Robber (Ghoul Wanderer)              Turns: 161, Time: 00:00:41

Health: 0/16       AC:  3    Str: 12    XL:     1   Next: 80%
Magic:  1/1        EV:  7    Int:  7    God:
Gold:   12         SH:  4    Dex: 11    Spells: 1/2 levels left

rFire   . . .        a - +0 falchion
rCold   + . .        b - +0 buckler
rNeg    + + +        d - +0 leather armour
rPois   ∞            (no helmet)
rElec   .            (no cloak)
rCorr   .            (no gloves)
SInv    .            (no boots)
Will    .....        (no amulet)
Stlth   +            (no ring)
HPRegen 0.00/turn    (no ring)
MPRegen 0.07/turn

%: no passive effects
@: inhibited regen, constricted
A: claws 1, cold resistance 1, negative energy resistance 3, inhibited
regeneration, torment resistance 2, devour on kill
a: no special abilities


You were on level 1 of the Dungeon.
You visited 1 branch of the dungeon, and saw 1 of its levels.

You collected 12 gold pieces.

Inventory:

Hand Weapons
 a - a +0 falchion (weapon)
Armour
 b - a +0 buckler (worn)
 d - a +0 leather armour (worn)
Scrolls
 c - a scroll of fog
Potions
 e - a potion of degeneration {unknown}
 f - a potion of mutation {unknown}


   Skills:
 - Level 1.1 Fighting
 - Level 1.7 Long Blades
 - Level 1.7 Shields
 + Level 1.4 Unarmed Combat
 - Level 1.0 Spellcasting
 - Level 4.0 Necromancy


You had one spell level left.
You knew the following spells:

 Your Spells              Type           Power      Damage    Failure   Level
a - Necrotise             Necr           20%        1d5       16%         1

Your spell library contained the following spells:

 Spells                   Type           Power      Damage    Failure   Level
 Vampiric Draining        Necr           5%         2d6       41%         3
 Cigotuvi's Dreadful Rot  Necr/Pois/Air  4%         N/A       56%         2


Dungeon Overview and Level Annotations

Branches:
Dungeon (1/15)

Altars:


Innate Abilities, Weirdness & Mutations

You are immune to poison.
You have sharp fingernails.
Your flesh is cold resistant. (rC+)
You are immune to negative energy. (rN+++)
You do not regenerate when monsters are visible.
You are immune to unholy pain and torment.
You thrive by killing the living.


Message History

The ball python grabs you. The ball python constricts you. The rat bites you.
* * * LOW HITPOINT WARNING * * *
The ball python barely misses you.
The giant cockroach bites you but does no damage.
You escape the ball python's grasp.
The giant cockroach attacks as you move away!
You block the giant cockroach's attack. You block the ball python's attack.
The ball python barely misses you. The rat attacks as you move away!
The rat bites you.
* * * LOW HITPOINT WARNING * * *
The ball python attacks as you move away!
The ball python completely misses you.
The ball python attacks as you move away!
The ball python closely misses you. x2
The giant cockroach attacks as you move away!
The giant cockroach bites you but does no damage.
The ball python closely misses you. The ball python grabs you.
The ball python constricts you.
You escape the ball python's grasp.
The rat attacks as you move away! The rat bites you.
* * * LOW HITPOINT WARNING * * *
The ball python attacks as you move away!
The ball python misses you. The ball python barely misses you.
The giant cockroach misses you.
You see here a giant cockroach corpse.
Things that are here:
a +0 club; 4 stones; a kobold corpse You barely miss the ball python.
The ball python bites you.
* * * LOW HITPOINT WARNING * * *
The ball python grabs you. The ball python constricts you.
You closely miss the ball python.
The ball python bites you but does no damage.
The ball python constricts you. The ball python barely misses you.
The ball python constricts you.
* * * LOW HITPOINT WARNING * * *
You barely miss the ball python. The ball python barely misses you.
The ball python constricts you.
* * * LOW HITPOINT WARNING * * *
You closely miss the ball python. The ball python bites you.
You die...

#.#####...........
#..............$..
#........"........
#.................
#....|....########
#S.†......#
#Br....#### #S######
#@# #.##### #.....#
#########.#
..........#
########.)############
#..#≈≈≈§≈≈§≈§§§
#..#≈§§≈§....§≈
#..#§§§§..~~~..


You could see a giant cockroach, 2 ball pythons and a rat.

Vanquished Creatures
  A giant cockroach (D:1)
  A hobgoblin (D:1)
  A bat (D:1)
  A frilled lizard (D:1)
  2 kobolds (D:1)
6 creatures vanquished.

Notes
Turn   | Place    | Note
-------+----------+-------------------------------------------
     0 | D:1      | Strat the Ghoul Wanderer began the quest for the Orb.
     0 | D:1      | Strat set off with the following items: a +0 falchion, a +0
                  | buckler, a scroll of fog, a +0 leather armour; and the
                  | following spell memorised: Necrotise; and the following
                  | spells available to memorise: Vampiric Draining, Cigotuvi's
                  | Dreadful Rot.
     0 | D:1      | Reached XP level 1. HP: 16/16 MP: 1/1
   119 | D:1      | Reached skill level 1 in Unarmed Combat
   161 | D:1      | Slain by a ball python

Illustrated notes

Levels and vault maps discovered:
D:1:      dpeg_arrival_shrine, layout_basic,
          shapermc_ecumenical_altar_mp_ritualfount

Skill      XL: |  1 |
---------------+----+-----
Unarmed Combat | 1 |  1.4
Fighting       | |  1.1
Long Blades    | |  1.7
Shields        | |  1.7
Spellcasting   | |  1.0
Necromancy     | |  4.0

Action                     || total
---------------------------++-------
  Melee: Falchion          ||    20
 Armour: Leather armour    ||    10
  Dodge: Dodged            ||    17
  Block: Buckler           ||    11
